 Dungeon Crawl Stone Soup version 0.22-a0-601-gb0ed703 (webtiles) character file.

397 Goblin1989 the Scratcher (level 6, -33/30 HPs)
             Began as a Felid Chaos Knight on July 6, 2018.
             Killed from afar by a ynoxinul (34 damage)
             ... with an iron shot
             ... on level 1 of the Abyss.
             The game lasted 00:14:22 (7699 turns).

Goblin1989 the Scratcher (Felid Chaos Knight)       Turns: 7699, Time: 00:14:23

Health: -33/30     AC:  2    Str:  8    XL:     6   Next: 53%
Magic:  10/10      EV: 21    Int: 14    God:    Xom [....*.]
Gold:   273        SH:  4    Dex: 17    Spells: 7/9 levels left
                                        Lives:  0   Deaths: 2

rFire    . . .     SeeInvis +     - Unarmed
rCold    . . .     Gourm    .   (shield unavailable)
rNeg     . . .     Faith    .   (armour unavailable)
rPois    .         Spirit   .   (helmet unavailable)
rElec    .         Reflect  +   (cloak unavailable)
rCorr    .         Harm     .   (gloves unavailable)
MR       .....                  (boots unavailable)
Stlth    ++++......             T - +4 amulet of reflection
HPRegen  0.10/turn              (no ring)
MPRegen  0.12/turn              (no ring)

@: quick
A: very small, no armour, no weapons or thrown items, stealth, claws 1, fangs 3,
see invisible, carnivore, speed 1, shaggy fur 2, slow metabolism 1, sharp paws
a: Renounce Religion


You were on level 1 of the Abyss.
You worshipped Xom.
You were a beloved toy of Xom.
You were very full.

You visited 1 branch of the dungeon, and saw 6 of its levels.
You visited the Abyss 1 time.
You also visited: Sewer.

You collected 273 gold pieces.

Inventory:

Jewellery
 T - a +4 amulet of reflection (around neck)
Wands
 y - a wand of acid (14) {god gift, @v2}
 X - a wand of iceblast (9) {@v4}
Scrolls
 f - 3 scrolls of fear
 q - 2 scrolls of amnesia {unknown}
 B - a scroll of blinking
 M - a scroll of magic mapping
 R - 2 scrolls of identify {@r1}
 Y - a scroll of remove curse {@r3}
Potions
 h - a potion of lignification
 i - 2 potions of mutation {unknown}
 l - 3 potions of haste {unknown}
 m - a potion of curing {unknown}
 x - a potion of resistance {unknown}
 A - a potion of degeneration {unknown}
 C - 3 potions of agility {@q5}
 D - a potion of heal wounds {unknown}
 F - a potion of brilliance {unknown}
 V - a potion of invisibility {unknown}
 W - 4 potions of flight {unknown}
Comestibles
 e - 21 rations


   Skills:
 + Level 4.9 Fighting
 + Level 5.9 Dodging
 + Level 5.3 Stealth
 * Level 6.3 Unarmed Combat
 + Level 2.0 Spellcasting
 - Level 3.2 Translocations


You had 7 spell levels left.
You knew the following spells:

 Your Spells              Type           Power        Failure   Level  Hunger
d - Blink                 Tloc           N/A          10%         2    ###....

Your spell library contained the following spells:

 Spells                   Type           Power        Failure   Level  Hunger
 Magic Dart               Conj           #...         24%         1    ##.....
 Conjure Flame            Conj/Fire      #.......     56%         3    ####...
 Slow                     Hex            #.......     34%         2    ###....
 Mephitic Cloud           Conj/Pois/Air  #.......     56%         3    ####...
 Animate Dead             Necr           N/A          93%         4    #####..
 Pain                     Necr           #...         24%         1    ##.....
 Animate Skeleton         Necr           N/A          24%         1    ##.....
 Vampiric Draining        Necr           #.........   56%         3    ####...
 Call Imp                 Summ           #.......     34%         2    ###....
 Regeneration             Chrm/Necr      #.........   56%         3    ####...


Dungeon Overview and Level Annotations

Branches:
Dungeon (6/15)             Temple (0/1) D:4

Altars:
Dithmenos
Qazlal
Xom


Innate Abilities, Weirdness & Mutations

You cannot wear armour.
You are incapable of wielding weapons or throwing items.
Your paws allow you to move quietly. (Stealth)
You have sharp claws.
You have razor-sharp teeth.
You have supernaturally acute eyesight. (SInv)
You are carnivorous and can eat meat at any time.
You cover ground quickly.
You are covered in thick fur. (AC +2)
You have a slow metabolism.
Your sharp claws are effective at attacking unaware monsters.


Message History

Blork the orc closely misses you.
You closely miss Blork the orc.
Blork the orc is moderately wounded.
You scratch Blork the orc.
Blork the orc is heavily wounded.
Blork the orc completely misses you.
You scratch Blork the orc.
Blork the orc is heavily wounded.
Blork the orc completely misses you.
You claw Blork the orc!
Blork the orc is severely wounded.
Blork the orc misses you.
You scratch Blork the orc but do no damage.
You bite Blork the orc.
Blork the orc is severely wounded.
You scratch Blork the orc.
Blork the orc is almost dead.
Blork the orc miscasts a cantrip.
You scratch Blork the orc.
You kill Blork the orc!
Your Spellcasting skill increases to level 2!
Unknown command.
Unknown command.
Magic restored.
Xom's attention turns to you for a moment.
You are cast into the Abyss!
To return, you must find a gate leading back.
Killing monsters will force the Abyss to allow you passage.
This branch contains the abyssal rune of Zot.
Unknown command.
Unknown command.
You regained 2 hp, and now have 26/30 hp.
MP restored: 10 Unknown command.
A ynoxinul comes into view.
You regained 3 hp, and now have 29/30 hp.
Health restored: 30 The ynoxinul bellows!
You barely miss the ynoxinul. You bite the ynoxinul.
The ynoxinul is lightly wounded.
The ynoxinul barely misses you.
You barely miss the ynoxinul.
The ynoxinul is lightly wounded.
Xom makes a sudden noise!
You hear someone snoring.
You are now a beloved toy of Xom.
Something shouts, "Slither away, thou peaked guts-griping yak-dropping!"
The ynoxinul completely misses you.
You claw the ynoxinul!
The ynoxinul is moderately wounded.
You block the ynoxinul's attack.
You scratch the ynoxinul.
The ynoxinul is moderately wounded.
The ynoxinul closely misses you.
You scratch the ynoxinul.
You claw the ynoxinul, but do no damage.
You bite the ynoxinul, but do no damage.
The ynoxinul is heavily wounded.
You barely miss the ynoxinul.
The ynoxinul is heavily wounded.
The ynoxinul gestures at you. The iron shot hits you!
Ouch! That really hurt!
* * * LOW HITPOINT WARNING * * *
You are too injured to fight recklessly!
You are too injured to fight recklessly!
You take 24 damage, and have 6/30 hp.
MASSIVE DAMAGE!!
You are too injured to fight recklessly!
You are too injured to fight recklessly!
You are too injured to fight recklessly!
You are too injured to fight recklessly!
You are too injured to fight recklessly!
You are too injured to fight recklessly!
You are too injured to fight recklessly!
You are too injured to fight recklessly!
You are too injured to fight recklessly!
You are too injured to fight recklessly!
You are too injured to fight recklessly!
You are too injured to fight recklessly!
You are too injured to fight recklessly!
You are too injured to fight recklessly!
You are too injured to fight recklessly!
You are too injured to fight recklessly!
You are too injured to fight recklessly!
You are too injured to fight recklessly!
You are too injured to fight recklessly!
You are too injured to fight recklessly!
You are too injured to fight recklessly!
You are too injured to fight recklessly!
You closely miss the ynoxinul.
The ynoxinul is heavily wounded.
The ynoxinul hits you.
* * * LOW HITPOINT WARNING * * *
You take 5 damage, and have 1/30 hp.
You barely miss the ynoxinul.
The ynoxinul is heavily wounded.
The ynoxinul gestures at you. The iron shot hits you!
Ouch! That really hurt!
You die...
Xom chortles!

.. █.█ ██ . .
...███. .... ..█..
...█ .... ..█
█..████.█████. █
█.3............
█.@$......██..
██...█(█...█.█
█......█.█..█
........██.██..██
█.. ...█.........
......
...███.∩...██.....
.. █.█
█...███....... ..
.. ██.█. ..
....... . . █... █
.█..


You could see a ynoxinul.

Vanquished Creatures
  A phantom (D:4)
  Purgy (Sewer)
  An ogre (D:6)
  A centaur (D:5)
  Blork the orc (D:6)
  6 scorpions
  A hound (D:4)
  A bullfrog skeleton (D:4)
  An iguana (D:4)
  3 worker ants
  3 gnolls (D:5)
  2 river rats (D:3)
  7 adders
  2 oozes
  3 adder skeletons
  5 worms
  2 dart slugs (D:1)
  A leopard gecko (D:3)
  5 orcs
  10 bats
  4 giant cockroaches
  8 goblins
  8 hobgoblins
  16 jackals
  A quokka (D:4)
  3 ball pythons
  6 frilled lizards
  10 kobolds
  A leopard gecko skeleton (D:4)
  13 rats
127 creatures vanquished.

Notes
Turn   | Place    | Note
-------+----------+-------------------------------------------
     0 | D:1      | Goblin1989 the Felid Chaos Knight began the quest for the Orb.
     0 | D:1      | Reached XP level 1. HP: 10/10 MP: 2/2
   391 | D:1      | XOM: mild Chrm miscast
   420 | D:1      | Reached XP level 2. HP: 9/14 MP: 3/3
   553 | D:1      | Reached skill level 1 in Stealth
   559 | D:1      | XOM: butterfly on damage
   828 | D:1      | XOM is BORED!
   888 | D:1      | XOM: god gift: scroll labeled QEIPLA TUPUTO {god gift}
  1137 | D:1      | Reached XP level 3. HP: 17/17 MP: 4/4
  1153 | D:1      | XOM: fog
  1984 | D:2      | Reached XP level 4. HP: 10/21 MP: 5/5
  2286 | D:2      | Reached skill level 4 in Unarmed Combat
  2499 | D:2      | XOM: potion effect (invisibility)
  2647 | D:2      | XOM: god gift: 5 rations {god gift}
  3117 | D:2      | XOM: harmless Ice miscast
  3479 | D:2      | XOM: god gift: wand of acid (5) {god gift}
  3578 | D:3      | XOM: butterfly on damage
  3626 | D:3      | Reached XP level 5. HP: 6/25 MP: 6/6
  3766 | D:3      | Found a glowing drain.
  3774 | Sewer    | Entered a sewer
  3857 | Sewer    | Noticed Purgy
  3860 | Sewer    | Killed Purgy
  3885 | Sewer    | XOM: god gift: ration {god gift}
  4225 | D:3      | XOM: 5-stop teleportation journey
  4232 | D:3      | XOM: scenery: create altars
  4326 | D:3      | Found a stormy altar of Qazlal.
  4626 | D:3      | XOM is BORED!
  4626 | D:3      | XOM: noise
  4986 | D:3      | Gained mutation: You are covered in thick fur. (AC +2) [Felid growth]
  4986 | D:3      | Reached XP level 6. HP: 28/28 MP: 7/7
  5001 | D:3      | XOM: god gift: scale mail {god gift}
  5106 | D:4      | Reached skill level 5 in Unarmed Combat
  5122 | D:4      | XOM: god gift: 37 gold pieces {god gift}
  5340 | D:3      | XOM: cloud trail
  5520 | D:4      | Learned a level 2 spell: Blink
  5616 | D:4      | Found a staircase to the Ecumenical Temple.
  5616 | D:4      | XOM: 2-stop teleportation journey
  5619 | D:4      | Reached skill level 5 in Dodging
  5619 | D:4      | Reached skill level 1 in Translocations
  5635 | D:4      | Reached XP level 7. HP: 20/32 MP: 7/9
  5797 | D:4      | XOM: harmless Erth miscast
  5930 | D:4      | XOM is BORED!
  5930 | D:4      | XOM: mild Tloc miscast
  6007 | D:4      | XOM: god gift: halberd {god gift}
  6033 | D:4      | Reached skill level 1 in Spellcasting
  6139 | D:4      | XOM: noise
  6356 | D:4      | XOM: god gift: ration {god gift}
  6383 | D:5      | XOM: stealth player
  6383 | D:5      | Entered Level 5 of the Dungeon
  6547 | D:5      | Slain by a gnoll
  6548 | D:5      | Reached XP level 6. HP: -3/29 MP: 9/9
  6668 | D:5      | Reached skill level 6 in Unarmed Combat
  7107 | D:5      | Reached skill level 5 in Stealth
  7107 | D:5      | Reached XP level 7. HP: 33/33 MP: 10/10
  7175 | D:5      | Found a shadowy altar of Dithmenos.
  7505 | D:6      | Slain by an orc
  7506 | D:6      | Reached XP level 6. HP: -5/30 MP: 9/9
  7618 | D:6      | Noticed Blork the orc
  7634 | D:6      | Killed Blork the orc
  7653 | D:6      | XOM: medium Tloc miscast
  7653 | D:6      | Cast into level 1 of the Abyss (the capriciousness of Xom)
  7683 | Abyss:1  | Noticed a ynoxinul
  7693 | Abyss:1  | XOM: noise
  7698 | Abyss:1  | HP: 1/30 [ynoxinul (5)]
  7699 | Abyss:1  | Killed from afar by a ynoxinul

Vault maps used:
D:1:      dpeg_arrival_rooms_b
D:2:      first_ration, tgw_xom
D:3:      lightli_sewer_entry_pipes, nicolae_qazlal_general_emergency
D:4:      minmay_temple_entry_glass
D:5:      grunt_dithmenos_smoke
D:6:      gammafunk_ghost_grave, uniq_blork_the_orc
Sewer:    kennysheep_door_sewer

Skill      XL: |  1  2  3  4  5  6  7 |
---------------+----------------------+-----
Stealth        | 1 2 3 5 |  5.3
Unarmed Combat | 4 6 |  6.3
Dodging        | 4 5 |  5.9
Fighting       | 4 |  4.9
Translocations | 3 2 |  3.2
Spellcasting   | 2 1 |  2.0

Action                   |  1- 3 |  4- 6 |  7- 9 || total
-------------------------+-------+-------+-------++-------
Melee: Unarmed           |   107 |   236 |    85 ||   428
       Punch             |     1 |     4 |     4 ||     9
       Bite              |     9 |    26 |     6 ||    41
Evoke: Wand              |       |     7 |     1 ||     8
  Use: Scroll            |       |     8 |     2 ||    10
 Stab: Sleeping          |     9 |    17 |     2 ||    28
       Distracted        |     1 |     1 |       ||     2
  Eat: Chunk             |     9 |    19 |     2 ||    30
Armor: Skin              |     5 |     5 |     3 ||    13
Dodge: Dodged            |    76 |   154 |    84 ||   314
Block: Other             |       |     3 |    10 ||    13

Table legend:
 A = Spawn XP
 B = Non-spawn XP
 C = Spawn XP percentage of total XP
 D = Spawn monster count
 E = Non-spawn monster count
 F = Spawn count percentage of total count
 G = Total turns spent on level
                    A         B        C        D         E        F      G
               +---------+---------+-------+---------+---------+-------+---------
         Total |       0 |    1562 |   0.0 |       0 |     127 |   0.0 |  7699
               +---------+---------+-------+---------+---------+-------+---------
           D:1 |       0 |      61 |   0.0 |       0 |      31 |   0.0 |  1671
           D:2 |       0 |      94 |   0.0 |       0 |      30 |   0.0 |  1888
           D:3 |       0 |     105 |   0.0 |       0 |      22 |   0.0 |  1552
           D:4 |       0 |     483 |   0.0 |       0 |      16 |   0.0 |  1041
           D:5 |       0 |     485 |   0.0 |       0 |      20 |   0.0 |   910
           D:6 |       0 |     206 |   0.0 |       0 |       2 |   0.0 |   360
         Sewer |       0 |     128 |   0.0 |       0 |       6 |   0.0 |   231
               +---------+---------+-------+---------+---------+-------+---------

Vault maps used:
D:1:      dpeg_arrival_rooms_b
D:2:      first_ration, tgw_xom
D:3:      lightli_sewer_entry_pipes, nicolae_qazlal_general_emergency
D:4:      minmay_temple_entry_glass
D:5:      grunt_dithmenos_smoke
D:6:      gammafunk_ghost_grave, uniq_blork_the_orc
Sewer:    kennysheep_door_sewer
